 Dungeon Crawl Stone Soup version 0.26-a0-712-ga5a9c9c9d0 (webtiles) character file.

Game seed: 10509403196859030676

39 kae the Insei (level 3, 0/20 HPs)
             Began as a Tengu Transmuter on Nov 12, 2020.
             Slain by a bullfrog skeleton (4 damage)
             ... on level 2 of the Dungeon.
             The game lasted 00:01:01 (1090 turns).

kae the Insei (Tengu Transmuter)                    Turns: 1090, Time: 00:01:02

Health: 0/20       AC:  2    Str: 11    XL:     3   Next: 45%
Magic:  6/7        EV: 12    Int: 13    God:
Gold:   54         SH:  0    Dex: 14    Spells: 5/6 levels left

rFire    . . .     SeeInvis .     - Unarmed
rCold    . . .     Faith    .   (no shield)
rNeg     . . .     Spirit   .   a - +0 robe
rPois    .         Reflect  .   (helmet currently unavailable)
rElec    .         Harm     .   (no cloak)
rCorr    .         Rampage  .   (no gloves)
MR       .....                  (boots unavailable)
Stlth    +.........             (no amulet)
HPRegen  0.06/turn              (no ring)
MPRegen  0.10/turn              (no ring)

@: appendages (expiring)
A: beak, horns 2, talons 3
a: End Transformation


You were on level 2 of the Dungeon.
You had grown temporary horns.
You visited 1 branch of the dungeon, and saw 2 of its levels.

You collected 54 gold pieces.

Inventory:

Armour
 a - a +0 robe (worn)
Jewellery
 h - an uncursed ring of wizardry {unknown}
Scrolls
 b - 2 scrolls of remove curse {unknown}
 c - a scroll of amnesia {unknown}
 d - a scroll of immolation {unknown}
 e - a scroll of enchant weapon {unknown}
 g - a scroll of identify {unknown}
Potions
 f - a potion of haste {unknown}


   Skills:
 + Level 1.5 Fighting
 - Level 2.1 Dodging
 * Level 4.0 Unarmed Combat
 - Level 2.0 Spellcasting
 * Level 2.3 Transmutations


You had 5 spell levels left.
You knew the following spells:

 Your Spells              Type           Power        Failure   Level
a - Beastly Appendage     Tmut           #.....       10%         1

Your spell library contained the following spells:

 Spells                   Type           Power        Failure   Level
 Wereblood                Tmut           #.......     16%         2
 Spider Form              Tmut/Pois      #.........   43%         3
 Ice Form                 Ice/Tmut       #.......     85%         4
 Blade Hands              Tmut           #.........   95%         5


Dungeon Overview and Level Annotations

Branches:
Dungeon (2/15)

Altars:


Innate Abilities, Weirdness & Mutations

You have a beak for a mouth.
You have claws for feet.
You have a pair of horns on your head.


Message History

The bullfrog skeleton moves out of view.
A bullfrog skeleton is nearby!
A bullfrog skeleton is nearby!
A bullfrog skeleton is nearby!
A bullfrog skeleton is nearby!
Casting: Beastly Appendage (safe; 10% risk of failure)
Confirm with . or Enter, or press ? or * to list all spells.
You grow a pair of large bovine horns.
Your transformation is almost over.
Unknown command.
You hit the bullfrog skeleton. Your kick misses the bullfrog skeleton.
Your headbutt misses the bullfrog skeleton.
The bullfrog skeleton is lightly damaged.
The bullfrog skeleton hits you.
* * * LOW HITPOINT WARNING * * *
You hit the bullfrog skeleton. Your kick misses the bullfrog skeleton.
The bullfrog skeleton is lightly damaged.
The bullfrog skeleton closely misses you.
The bullfrog skeleton hits you.
You die...

..#########....
..#.............
#.#.........###.
#...............
#.............
#.......#.....
##.............
#####.>.........#..
.#.@Z.....((.......#
#.......##........#####
#...####...(......# #..
#....(####...# #)
#....### ..... #
#...### ...... ....#
....... ..#. ..... .#.
...


You could see a bullfrog skeleton.

Vanquished Creatures
  A dart slug (D:1)
  A leopard gecko (D:1)
  A giant cockroach (D:2)
  2 hobgoblins (D:2)
  4 jackals (D:2)
  7 kobolds
  A quokka (D:2)
  3 ball pythons
  5 bats
  A frilled lizard (D:1)
  4 goblins
  2 rats
32 creatures vanquished.

Notes
Turn   | Place    | Note
-------+----------+-------------------------------------------
     0 | D:1      | kae the Tengu Transmuter began the quest for the Orb.
     0 | D:1      | Reached XP level 1. HP: 12/12 MP: 4/4
   140 | D:1      | Reached XP level 2. HP: 14/16 MP: 4/6
   850 | D:2      | Reached XP level 3. HP: 20/20 MP: 7/7
   888 | D:2      | Reached skill level 4 in Unarmed Combat
  1090 | D:2      | Slain by a bullfrog skeleton

Illustrated notes

Levels and vault maps discovered:
D:1:      minmay_arrival_cross, layout_basic, minmay_door_square
D:2:      layout_rooms, minmay_split_cup_small

Skill      XL: |  1  2  3 |
---------------+----------+-----
Transmutations | 2 |  2.3
Unarmed Combat | 4 |  4.0
Fighting       | |  1.5
Dodging        | |  2.1
Spellcasting   | |  2.0

Action                   || total
-------------------------++-------
Melee: Unarmed           ||    73
       Kick              ||    13
       Peck              ||     7
       Headbutt          ||     1
       Punch             ||     3
 Cast: Beastly Appendage ||     6
Armor: Robe              ||    11
Dodge: Dodged            ||    60

Table legend: (Time is in decaauts)
 A = Elapsed time spent in this place.
 B = Non-inter-level travel time spent in this place.
 C = Inter-level travel time spent in this place.
 D = Time resting spent in this place.
 E = Time spent auto-exploring this place.
 F = Levels seen in this place.
 G = Mean time per level.
                   A        B        C        D        E       F      G
               +--------+--------+--------+--------+--------+-----+--------+
         Total |   1084 |   1059 |     25 |      0 |    882 |   2 |  542.0 |
       Dungeon |   1084 |   1059 |     25 |      0 |    882 |   2 |  542.0 |
               +--------+--------+--------+--------+--------+-----+--------+

Top non-repeatable levels by time:
     D:1: 761 daAuts
     D:2: 322 daAuts
